Map: Emerald City LE

Players

Mesrob

  • Race: Terran Terran
  • League: Platinum
  • Spawn Location: 11:00

Subwaymaker

  • Race: Protoss Protoss
  • League: Gold
  • Spawn Location: 11:00

mugen - Winner!

  • Race: Terran Terran
  • League: Silver
  • Spawn Location: 5:00

executor - Winner!

  • Race: Protoss Protoss
  • League: Gold
  • Spawn Location: 5:00

VOD

Have the link to the VOD?

Description

Time

  • Played on: Aug. 2, 2019, 9:55 p.m.
  • Length: 17:25
Show
View Real Time Build Order
Export as new Build Order

Mesrob Terran 

Build Orders: 1/1/1 

Get SALT Encoding   

  12  0:00  SCV  
  13  0:12  SCV  
  14  0:21  Supply Depot  
  14  0:25  SCV  
  15  0:34  Refinery  
  15  0:43  SCV  
  16  0:50  Barracks  
  16  0:55  SCV  
  17  1:06  Refinery  
  17  1:07  SCV  
  18  1:19  SCV  
  19  1:31  SCV  
  20  1:39  Factory  
  20  1:48  Reaper  
  20  1:53  Orbital Command  
  21  2:05  Supply Depot  
  21  2:24  Starport  
  21  2:26  Factory Tech Lab  
  21  2:28  Reaper  
  22  2:33  SCV  
  23  2:45  SCV  
  23  2:50  Hellion  
  26  2:52  Command Center  
  26  3:01  Barracks Reactor  
  26  3:11  Engineering Bay  
  26  3:12  SCV  
  27  3:14  Supply Depot  
  27  3:26  SCV  
  28  3:38  SCV  
  29  3:58  Fusion Core  
  29  4:02  SCV  
  30  4:03  Armory  
  30  4:06  Orbital Command  
  30  4:11  Marine x2  
  30  4:14  SCV  
  33  4:18  Factory Tech Lab  
  33  4:26  SCV  
  34  4:44  Starport  
  40  4:45  Battlecruiser  
  40  4:50  SCV  
  41  4:54  SCV  
  42  5:02  SCV  
  42  5:05  Terran Ship Weapons Level 1  
  43  5:22  Refinery  
  43  5:23  SCV  
  43  5:25  SCV  
  43  5:28  Refinery  
  45  5:35  SCV  
  46  5:37  SCV  
  46  5:39  Supply Depot  
  46  5:42  Armory  
  47  5:47  SCV  
  47  5:49  SCV  
  49  6:01  SCV  
  50  6:07  SCV  
  50  6:10  Battlecruiser  
  57  6:12  Factory Tech Lab  
  57  6:13  SCV  
  57  6:14  Marine x2  
  60  6:19  SCV  
  60  6:23  Barracks  
  61  6:31  SCV  
  62  6:43  Command Center  
  62  6:46  Supply Depot  
  62  6:47  Supply Depot  
  62  7:08  Marine x2, SCV x2  
  66  7:09  Battlecruiser  
  66  7:10  Supply Depot  
  66  7:12  Supply Depot  
  72  7:20  SCV x2  
  72  7:26  Marine x2  
  67  7:33  Supply Depot  
  59  7:43  Marine x2  
  47  7:57  Refinery  
  47  8:02  Missile Turret  
  46  8:05  Missile Turret  
  46  8:09  SCV  
  41  8:20  Refinery  
  41  8:21  SCV  
  41  8:23  Missile Turret  
  42  8:28  Battlecruiser x2  
  42  8:30  Factory Tech Lab  
  42  8:31  Marine x2  
  42  8:33  SCV  
  57  8:35  Marauder  
  59  8:42  Terran Infantry Weapons Level 1  
  59  8:44  Terran Vehicle And Ship Armor Level 1  
  59  8:45  SCV  
  60  8:49  Marine x2, Orbital Command  
  60  8:55  Stimpack  
  62  8:57  Marauder, SCV  
  62  8:59  SCV  
  66  9:09  Marine x2, SCV  
  69  9:11  SCV  
  69  9:13  Siege Tank  
  73  9:18  Marauder  
  73  9:21  SCV  
  73  9:23  SCV  
  77  9:27  Marine x2  
  79  9:33  SCV  
  79  9:34  Terran Vehicle Weapons Level 1  
  79  9:35  SCV  
  81  9:41  Marine  
  82  9:45  SCV  
  82  9:47  SCV  
  82  9:52  Siege Tank  
  87  9:53  Marine x2  
  87  9:57  SCV  
  87  9:59  Marauder, SCV  
  93  10:02  SCV  
  94  10:10  SCV  
  94  10:11  Marine x2, SCV  
  98  10:15  SCV  
  98  10:19  Battlecruiser  
  98  10:21  Marauder  
  107  10:23  SCV  
  107  10:27  SCV  
  109  10:29  Supply Depot, SCV  
  109  10:35  Combat Shield, SCV  
  110  10:36  Terran Infantry Armor Level 1  
  110  10:39  SCV  
  110  10:41  SCV  
  113  10:48  SCV  
  114  10:51  SCV  
  114  10:53  SCV  
  116  11:00  Command Center, SCV  
  116  11:03  SCV  
  118  11:05  SCV  
  119  11:12  SCV  
  119  11:15  Marine  
  119  11:16  Marine  
  119  11:17  Marauder  
  124  11:27  Supply Depot  
  124  11:33  Marine  
  124  11:36  Terran Ship Weapons Level 2  
  124  11:37  Marine, Battlecruiser  
  132  11:49  Marauder, Supply Depot, Siege Tank  
  132  11:51  Marine  
  132  11:54  Battlecruiser  
  144  11:55  Marine  
  145  12:05  Supply Depot  
  145  12:15  Refinery  
  145  12:17  Planetary Fortress  
  145  12:19  Supply Depot x2  
  145  12:30  Terran Infantry Weapons Level 2  
  145  12:31  Supply Depot  
  145  12:41  Refinery  
  145  12:43  Supply Depot  
  145  12:45  Supply Depot, SCV x2  
  147  12:57  Supply Depot  
  125  13:10  Marine x2  
  111  13:13  Battlecruiser x2  
  111  13:16  Marauder  
  88  13:20  Siege Tank  
  69  13:40  Marine x3  
  64  13:52  Siege Tank  
  65  13:58  Marine x2  
  65  13:59  Marine  
  66  14:16  Marine  
  66  14:18  Weapon Refit  
  66  14:22  Terran Vehicle And Ship Armor Level 2  
  66  14:23  Terran Ship Weapons Level 3  
  66  14:25  Marine x2  
  66  14:28  Battlecruiser  
  74  14:34  Marine  
  69  14:42  Marine  
  69  14:43  Marine  
  71  14:52  Marine  
  72  14:58  Command Center  
  72  15:00  Marine  
  72  15:01  Marine  
  72  15:06  SCV  
  75  15:10  Marine  
  76  15:15  Battlecruiser  
  76  15:18  Marine, SCV  
  76  15:19  Marine, Cyclone  
  88  15:27  Marine  
  89  15:31  SCV  
  89  15:32  Battlecruiser  
  96  15:36  Marine x2, SCV x2  
  100  15:43  SCV  
  100  15:45  Marine  
  100  15:48  SCV  
  103  15:52  Cyclone  
  103  15:54  Marine x2  
  103  15:55  SCV  
  109  16:03  Marine  
  110  16:12  Marine x2  
  112  16:20  Battlecruiser  
  118  16:27  Barracks  
  118  16:30  Marine, Barracks x2  
  118  16:32  Command Center  
  51  17:16  Barracks  
Show
View Real Time Build Order
Export as new Build Order

Subwaymaker Protoss 

Build Orders:  

Get SALT Encoding   

  12  0:01  Probe  
  13  0:13  Probe  
  14  0:18  Pylon  
  14  0:25  Probe  
  15  0:37  Probe  
  15  0:42  Gateway  
  16  0:46  Probe  
  17  0:54  Probe  
  17  0:55  Assimilator  
  17  1:03  Probe  
  19  1:13  Gateway  
  19  1:15  Probe  
  20  1:19  Pylon  
  20  1:28  Probe  
  21  1:34  Cybernetics Core  
  21  1:40  Assimilator  
  21  1:41  Probe  
  22  1:53  Probe  
  23  2:00  Warp Gate  
  22  2:18  Sentry  
  22  2:20  Probe  
  25  2:38  Sentry  
  25  2:41  Nexus  
  25  2:43  Assimilator  
  27  2:47  Assimilator  
  27  2:51  Pylon, Probe  
  28  2:59  Sentry  
  28  3:03  Probe  
  31  3:15  Probe  
  31  3:17  Pylon  
  32  3:21  Forge  
  32  3:40  Protoss Ground Weapons Level 1  
  32  3:42  Probe  
  33  3:50  Probe  
  33  3:52  Sentry x2  
  33  3:53  Probe  
  38  4:00  Probe  
  38  4:01  Probe  
  41  4:12  Probe, Gateway  
  41  4:14  Photon Cannon  
  42  4:18  Photon Cannon  
  42  4:20  Pylon, Probe  
  43  4:24  Sentry  
  43  4:25  Sentry  
  47  4:53  Sentry x2  
  47  4:55  Probe x2  
  53  5:07  Sentry, Probe x2  
  53  5:13  Nexus  
  57  5:15  Pylon  
  57  5:17  Assimilator  
  57  5:28  Sentry x2  
  61  5:30  Probe  
  61  5:31  Sentry  
  61  5:34  Probe  
  65  5:38  Probe  
  66  5:45  Photon Cannon  
  66  5:46  Probe  
  67  5:51  Photon Cannon  
  67  5:56  Protoss Ground Armor Level 1, Probe  
  67  5:58  Sentry x3  
  67  6:02  Probe  
  75  6:04  Probe  
  76  6:12  Pylon  
  76  6:14  Probe  
  77  6:23  Pylon, Probe, Twilight Council  
  77  6:31  Sentry x3, Probe  
  85  6:42  Pylon  
  85  6:44  Gateway  
  85  6:55  Probe x3  
  88  7:03  Assimilator  
  88  7:07  Probe  
  55  7:55  Sentry  
  55  7:56  Sentry x2  
  55  7:57  Charge  
  57  8:08  Gateway  
  57  8:10  Protoss Ground Weapons Level 2, Gateway  
  57  8:11  Gateway  
  57  8:16  Pylon, Gateway  
  57  8:19  Sentry x3  
  63  8:36  Shield Battery  
  63  8:41  Shield Battery  
  63  8:43  Photon Cannon x2  
  63  8:45  Sentry x4  
  63  8:47  Pylon  
  71  8:59  Pylon  
  71  9:00  Templar Archives  
  71  9:01  Pylon  
  71  9:02  Probe x2  
  71  9:04  Probe  
  74  9:10  Probe x2  
  74  9:16  Probe  
  77  9:28  Probe  
  77  9:29  Gateway  
  78  9:34  Gateway  
  78  9:35  Gateway  
  78  9:37  Gateway  
  78  9:43  Forge  
  78  9:53  High Templar x7  
  78  9:58  Probe x2  
  78  9:59  Probe  
  95  10:12  Archon  
  95  10:13  Archon x2  
  95  10:14  Nexus  
  95  10:17  Assimilator  
  95  10:18  Assimilator  
  95  10:19  Pylon  
  95  10:20  Pylon  
  95  10:22  Blink  
  95  10:25  High Templar x6  
  107  10:41  Archon x2  
  107  10:42  Protoss Shields Level 1, Archon  
  107  10:48  Protoss Ground Weapons Level 3  
  107  10:54  High Templar x2  
  107  10:55  Zealot  
  107  10:56  Zealot x5  
  123  10:57  Zealot x2  
  123  10:58  Zealot  
  129  11:17  Archon  
  129  11:21  High Templar  
  129  11:23  Psionic Storm, Zealot x2  
  129  11:24  Zealot x6  
  147  11:28  Archon  
  147  11:41  Probe  
  147  11:42  Probe x2  
  150  12:02  High Templar  
  150  12:03  High Templar x3  
  158  12:10  Pylon  
  158  12:12  Pylon  
  158  12:13  Pylon  
  158  12:14  Pylon  
  158  12:16  Shield Battery, Photon Cannon  
  158  12:18  Photon Cannon  
  158  12:19  Shield Battery  
  158  12:20  Gateway  
  158  12:22  Gateway  
  158  12:25  Gateway  
  158  12:37  Robotics Facility  
  158  12:40  Robotics Facility  
  158  12:41  Probe x2  
  158  12:42  High Templar  
  158  12:43  High Templar x2  
  166  12:46  Stalker x2  
  166  12:47  Stalker  
  166  12:49  Archon x2  
  166  12:51  Archon  
  156  13:06  Stalker x4  
  156  13:07  Stalker  
  78  13:33  High Templar x4  
  74  13:34  Zealot x4  
  74  13:35  Zealot x6  
  74  13:39  Archon  
  74  13:40  Archon  
  66  13:57  Stalker x5  
  66  13:58  Stalker x4  
  84  14:07  Stalker  
  84  14:08  Stalker x4  
  84  14:21  Protoss Shields Level 2  
  84  14:23  Stalker x5  
  84  14:24  Stalker x4  
  91  14:44  High Templar x4  
  93  14:47  Zealot  
  93  14:48  Zealot x7  
  93  14:49  Zealot x2  
  113  15:05  Assimilator  
  113  15:08  Archon  
  113  15:10  Assimilator, Archon  
  113  15:11  Pylon, Nexus  
  113  15:13  High Templar x3  
  119  15:30  Dark Shrine  
  119  15:49  Archon  
  119  15:52  High Templar  
  119  15:54  Stalker  
  119  15:55  Stalker x2  
  127  16:25  Gateway  
  127  16:29  Pylon  
  127  16:30  Gateway  
  125  16:35  Pylon  
  125  16:39  High Templar  
  127  16:40  High Templar x3  
  127  16:42  Stalker  
  127  16:43  Stalker  
  127  16:45  Archon x2  
  137  16:47  Archon  
  137  16:57  High Templar  
  137  16:58  Zealot  
  137  16:59  Zealot x6  
Show
View Real Time Build Order
Export as new Build Order

mugen Terran - Winner!

Build Orders:  

Get SALT Encoding   

  12  0:14  SCV  
  13  0:17  Supply Depot  
  13  0:26  SCV  
  14  0:41  Barracks  
  14  0:54  Refinery  
  14  0:57  SCV, Barracks  
  15  1:09  SCV  
  16  1:11  Refinery  
  16  1:21  SCV  
  17  1:26  Supply Depot  
  17  1:40  SCV  
  17  1:42  Reaper  
  19  1:51  Marine  
  19  1:53  SCV  
  21  2:05  SCV  
  22  2:17  SCV  
  22  2:22  Reaper x2  
  25  2:29  SCV  
  26  2:41  SCV  
  27  2:55  Orbital Command  
  27  3:03  Barracks Reactor  
  27  3:11  Command Center  
  27  3:16  Barracks Tech Lab  
  27  3:20  Barracks Reactor  
  24  3:42  Marine  
  25  3:53  Factory  
  25  4:00  Marine  
  26  4:04  Engineering Bay, SCV  
  26  4:05  Marine x2, Stimpack  
  29  4:16  SCV  
  30  4:17  Marine, Supply Depot  
  30  4:19  Supply Depot  
  30  4:23  Marine x2  
  33  4:30  Orbital Command  
  33  4:33  SCV  
  33  4:36  Marauder  
  36  4:39  Terran Infantry Weapons Level 1  
  36  4:40  Factory Tech Lab  
  36  4:41  Marine x2  
  38  4:53  Starport  
  38  4:55  SCV x2  
  38  4:57  Marine  
  41  5:01  Siege Tank  
  44  5:07  Marine x2  
  46  5:37  Sensor Tower  
  46  5:42  Factory  
  46  5:43  Starport Tech Lab  
  46  5:45  SCV x2  
  48  5:52  Marine x2  
  50  5:57  SCV x2  
  50  5:58  Marine  
  50  5:59  Refinery  
  50  6:03  Siege Tank  
  50  6:04  Refinery  
  56  6:05  Raven  
  56  6:09  SCV x2  
  56  6:10  Marine  
  61  6:16  Supply Depot  
  61  6:18  Marine, Armory  
  61  6:19  Supply Depot  
  62  6:33  Starport  
  62  6:38  Marine  
  63  6:40  Factory Tech Lab  
  63  7:01  SCV x2  
  63  7:05  Terran Infantry Armor Level 1  
  63  7:07  Terran Vehicle Weapons Level 1  
  65  7:13  Marine, SCV  
  65  7:14  Marine x2, SCV  
  70  7:25  SCV  
  71  7:30  Barracks  
  71  7:32  Marauder, Barracks  
  69  7:55  Marine x3  
  72  8:12  Marine  
  72  8:19  Starport Reactor  
  73  8:24  Cyclone  
  76  8:30  Supply Depot  
  76  8:34  Supply Depot  
  76  8:40  SCV x2  
  78  8:48  Engineering Bay  
  78  8:52  Cyclone, SCV x2, Armory  
  78  8:54  Supply Depot  
  85  8:59  Mag-Field Accelerator  
  85  9:02  Marine x2  
  86  9:03  Marauder  
  86  9:05  Barracks Tech Lab  
  86  9:07  Barracks Reactor  
  86  9:09  Combat Shield  
  89  9:14  Medivac x2  
  93  9:17  Raven  
  93  9:20  Marine x2  
  95  9:24  Marine  
  95  9:25  Marine, Command Center  
  95  9:28  Cyclone  
  100  9:38  Marine x2  
  101  9:44  Terran Vehicle And Ship Armor Level 1  
  101  9:45  Supply Depot  
  102  9:46  Supply Depot  
  102  9:48  Supply Depot x2  
  102  9:49  Terran Vehicle Weapons Level 2  
  102  10:06  Marine x3  
  102  10:07  Marauder, Cyclone  
  110  10:08  Marine, Marauder  
  110  10:12  Supply Depot  
  113  10:15  Terran Infantry Weapons Level 2  
  113  10:16  Terran Infantry Armor Level 2  
  113  10:24  Marine x3  
  113  10:25  Marine  
  119  10:28  Marauder  
  119  10:39  Command Center  
  119  10:58  Medivac x2  
  119  10:59  Cyclone x2  
  119  11:01  Marine  
  119  11:02  Marine x5  
  135  11:19  Marine x2  
  135  11:20  Marine  
  138  11:37  Thor x2  
  150  11:56  Terran Vehicle And Ship Armor Level 2  
  150  12:04  Refinery, Orbital Command  
  150  12:05  Refinery  
  150  12:06  Orbital Command  
  150  12:16  Marine x3  
  150  12:17  Marine x3  
  150  12:20  Thor  
  162  12:34  Marine x2  
  100  13:21  Marine  
  100  13:22  Marine x5  
  79  13:39  Marine x2  
  79  13:40  Marine x3, Marauder, Raven  
  87  13:42  Cyclone x2  
  93  13:57  Marine x3  
  93  13:58  Marine, Marauder  
  93  14:02  Marauder  
  101  14:14  Cyclone x2  
  101  14:15  Marine x4  
  111  14:20  Marauder  
  111  14:23  Marauder  
  115  14:33  Marine x2  
  117  14:41  Marauder  
  119  14:46  Cyclone x2  
  125  14:53  Marine x2  
  125  14:54  Marine x3  
  125  14:58  Raven  
  132  15:00  Medivac x2  
  132  15:02  Marine  
  137  15:11  Marine x3  
  137  15:12  Marine x2  
  142  15:20  Marine  
  143  15:29  Marine x2  
  146  15:53  Marine x4  
  146  15:54  Marine x2  
  151  15:59  Cyclone x2  
  157  16:11  Marine x5  
  158  16:12  Marine  
  158  16:13  Refinery  
  158  16:18  Refinery  
  163  16:28  Marine  
  163  16:29  Marine x4  
  168  16:35  Marine  
  169  16:46  Marine x2  
  169  16:47  Marine  
Show
View Real Time Build Order
Export as new Build Order

executor Protoss - Winner!

Build Orders: Nexus First, Carriers 

Get SALT Encoding   

  12  0:36  Probe  
  13  0:44  Probe, Nexus  
  14  0:54  Pylon  
  14  0:58  Probe  
  15  1:08  Probe  
  15  1:17  Probe  
  16  1:21  Forge  
  17  1:31  Probe  
  18  1:43  Probe  
  18  1:44  Assimilator  
  18  1:45  Assimilator  
  19  1:55  Probe  
  19  1:57  Probe  
  21  2:05  Probe  
  21  2:07  Probe  
  22  2:13  Probe  
  23  2:18  Photon Cannon  
  23  2:19  Probe  
  25  2:23  Photon Cannon  
  25  2:26  Pylon  
  25  2:27  Probe  
  26  2:30  Probe  
  27  2:38  Probe  
  27  2:39  Probe  
  29  2:46  Probe  
  29  2:50  Gateway  
  30  2:54  Probe  
  30  2:55  Assimilator  
  31  2:58  Probe  
  31  3:02  Pylon  
  32  3:05  Assimilator  
  32  3:07  Probe  
  33  3:13  Protoss Shields Level 1  
  33  3:19  Probe, Gateway  
  34  3:28  Probe  
  35  3:36  Probe  
  35  3:37  Probe  
  37  3:45  Cybernetics Core, Probe  
  38  3:51  Cybernetics Core  
  38  3:53  Pylon  
  38  3:55  Probe  
  38  3:58  Probe  
  38  4:00  Photon Cannon  
  40  4:07  Zealot  
  40  4:08  Probe, Zealot  
  45  4:10  Probe  
  45  4:15  Pylon  
  46  4:22  Probe  
  46  4:23  Warp Gate  
  47  4:26  Probe  
  47  4:27  Photon Cannon  
  48  4:34  Probe  
  48  4:35  Photon Cannon  
  49  4:39  Stargate  
  49  4:43  Stargate  
  49  4:46  Stalker, Probe  
  49  4:49  Stalker  
  54  4:58  Probe  
  55  5:10  Probe  
  56  5:18  Pylon  
  56  5:22  Probe  
  56  5:25  Stalker x2  
  61  5:28  Oracle  
  61  5:29  Oracle  
  61  5:33  Protoss Ground Weapons Level 1  
  61  5:34  Probe  
  68  5:39  Photon Cannon  
  68  5:46  Probe  
  69  5:52  Fleet Beacon  
  69  5:59  Probe  
  70  6:10  Probe  
  70  6:11  Probe  
  72  6:20  Stalker  
  72  6:21  Stalker  
  76  6:27  Pylon x2  
  76  6:29  Pylon  
  76  6:38  Protoss Air Weapons Level 1, Probe, Robotics Facility  
  77  6:45  Void Ray x2  
  85  6:55  Stargate  
  85  7:05  Stalker x2  
  89  7:50  Stalker  
  89  7:51  Stalker  
  88  7:53  Carrier x2  
  88  7:58  Nexus  
  95  8:01  Assimilator  
  95  8:05  Assimilator  
  93  8:09  Probe  
  94  8:15  Carrier  
  100  8:21  Probe  
  101  8:36  Pylon x2  
  101  8:49  Protoss Air Weapons Level 2  
  101  8:54  Stalker  
  101  8:55  Stalker  
  105  8:58  Nexus  
  105  9:01  Assimilator  
  105  9:03  Observer  
  105  9:04  Assimilator, Twilight Council  
  105  9:07  Probe  
  105  9:08  Pylon  
  107  9:12  Pylon  
  107  9:15  Pylon  
  107  9:16  Probe  
  107  9:24  Probe  
  108  9:25  Observer  
  108  9:29  Stalker  
  108  9:30  Stalker  
  114  9:34  Pylon, Probe  
  115  9:42  Photon Cannon  
  115  9:45  Protoss Shields Level 2, Photon Cannon  
  115  9:46  Observer, Probe  
  115  9:48  Photon Cannon  
  115  9:51  Shield Battery  
  117  9:54  Pylon, Shield Battery  
  117  9:57  Stalker, Shield Battery  
  117  9:58  Pylon, Probe  
  117  9:59  Stalker  
  122  10:10  Probe  
  123  10:18  Observer  
  124  10:22  Pylon, Probe  
  125  10:34  Probe  
  126  10:39  Stalker x2  
  126  10:40  Observer  
  126  10:41  Tempest x2  
  141  10:47  Tempest  
  146  11:03  Probe  
  147  11:04  Stalker  
  147  11:05  Stalker  
  151  11:32  Carrier  
  151  11:37  Carrier x2  
  169  11:56  Stargate  
  169  11:58  Stargate  
  169  12:13  Anion Pulse-Crystals  
  169  12:21  Observer  
  169  12:22  Protoss Air Weapons Level 3  
  170  12:42  Stalker  
  170  12:43  Observer, Stalker  
  164  13:06  Carrier x2  
  148  13:12  Stalker  
  148  13:13  Stalker  
  148  13:15  Carrier  
  148  13:17  Carrier  
  138  13:43  Carrier  
  138  13:44  Stalker  
  138  13:45  Stalker  
  138  13:48  Protoss Shields Level 3  
  138  14:17  Carrier x3  
  152  14:40  Tempest  
  152  14:41  Tempest  
  162  15:03  Stalker x2  
  166  15:22  Protoss Air Armor Level 1  
  166  15:23  Tempest x3  
  166  15:27  Tempest  
  186  15:40  Stalker x2  
Tags
 
Add a new tag
Caveats
  • Supply blocks, unpowered buildings, or Contaminate may cause inaccurate times.
  • Supply counts are checked every 10 seconds.